Zazza, neutral female human Tourist # # ------ ------------ ------- #.....| #...@f......| # |....>.######|....| #|..........| -------------- |.....| # #|....| ##...........|# ##...........>.| |.....-#### #---.-- ###--.-|-------########### # |............| --.---- ############### ########` ----.- ### |............| # # ### ## ### |....| # ---------.---- ### # ###### # |....|### # # # ### # # ### |....|# # # ######### ## # |.....# ### # #-+-----------.-- ##-....| # -|---------- |..<...........| -|---- ### |.$(.......| |..............| ##################` |*.?%/..?%*| |..............| --|-|- |?[%+*)%+.!| |..............| #####...`.| |*?!]!).=.)| ---------------- |....| ------------ ##############|....| ------ Zazza the Sightseer Experience level: 3 Strength: 15 Dexterity: 9 Constitution: 13 Intelligence: 12 Wisdom: 13 Charisma: 18 Health: 0(31) Energy: 6(6) Def: 1 Gold: 498 Moves: 1848 Dungeon seed: sNVXU5Or-brxeKnW Game ID: Zazza_1575711247 Your Inventory: Coins $ - 498 gold pieces Weapons a - 28 +2 darts x - 8 +0 crossbow bolts z - a cursed -1 orcish dagger Armor e - an uncursed +0 orcish helm (being worn) n - an uncursed +0 orcish helm q - an uncursed +0 Hawaiian shirt r - an uncursed +0 dwarvish mithril-coat Comestibles c - 3 uncursed food rations d - an uncursed carrot f - 2 uncursed lembas wafers g - an uncursed tripe ration h - an uncursed fortune cookie o - an uncursed egg B - an uncursed lichen corpse Scrolls k - an uncursed scroll of magic mapping Spellbooks w - an uncursed spellbook of sleep Potions v - a blessed potion of see invisible A - an uncursed potion of sleeping Rings p - an uncursed ring of polymorph Tools l - an expensive camera (0:34) m - an uncursed credit card y - a blessed brass lantern (0:1214) Spells and supernatural/magical abilities: Name Level Category Fail Memory W - pray for help -- divine ? -- Your skills at the end: Fighting Skills Weapon Skills dart [Basic] Spellcasting Skills Final Attributes: You were fervently aligned. You are dead. Vanquished creatures: a shrieker 5 manes 4 jackals a fox 2 goblins 2 sewer rats 6 grid bugs 2 bats 4 lichens 5 newts 32 creatures vanquished. Voluntary challenges: You followed a strict vegan diet. You never hit with a wielded weapon. You read items or engraved 3 times, starting on turn 39. You never genocided any monsters. You never polymorphed an object. You changed form 3 times, starting on turn 109. You used no wishes. You never split a pudding. You never wrote Elbereth's name. You never violated your personal moral code. Dungeon overview: The Dungeons of Doom: levels 1 to 4 Level 1 a sink a long staircase Level 2 Level 3 <- You were here a general store a long staircase Level 4 a fountain History has recorded: On T:1 you entered the Dungeons of Doom to retrieve the Amulet of Yendor! On T:203 you reached level 2 of The Dungeons of Doom. On T:483 you reached level 3 of The Dungeons of Doom. On T:836 you reached level 4 of The Dungeons of Doom. On T:953 you advanced to experience level 3. Score breakdown: Gold: 335 ( 8593 points) Experience: 3 levels ( 7878 points) Exploration: 4 levels ( 8.33%) ( 7579 points) Discoveries: 2 items ( 0.67%) ( 2457 points) Valuables value: (no points given unless you survive) Artifact value: 0 ( 0 points) Variety of kills: 10 monsters ( 2.62%) ( 4860 points) Turncount: 1848 turns ( 0 points) Survival: died (score multiplied by 80%) Total score: 25093 Latest messages: You hit the grid bug. The grid bug bites! You get zapped! You kill the grid bug! You see here a statue of a newt. The door opens. You hit the homunculus. The homunculus bites! You are put to sleep! It bites! (5x) You wake up. Armand misses the homunculus. (2x) You hear some noises. You see here a large box. You hear someone cursing shoplifters. You see here a large box. Hmmm, it seems to be locked. You succeed in picking the lock. You trigger a trap! The large box explodes! You stop picking the lock. You die... Final status: Aloha Zazza the Tourist, killed by an exploding large box... You died in The Dungeons of Doom on dungeon level 3 with 25093 points, and 498 pieces of gold, after 1848 moves. You were level 3 with a maximum of 31 hit points when you died.